 Dungeon Sprint DCSS version 0.30-a0-782-ge64f9170bb (webtiles) character file.

Game seed: 8805497906917275279

1949 theswoord the Martial Artist (level 9, -6/90 HPs)
             Began as a Tengu Transmuter on Mar 15, 2023.
             Was an Elder of Uskayaw.
             Mangled by a two-headed ogre
             ... wielding a +0 dire flail
              (18 damage)
             ... in the Dungeon (Sprint IX: "|||||||||||||||||||||||||||||").
             The game lasted 00:03:05 (373 turns).

theswoord the Martial Artist (Tengu Transmuter)      Turns: 373, Time: 00:03:05

Health: -6/90      AC: 24    Str: 12    XL:     9   Next: 18%
Magic:  13/13      EV:  2    Int: 14    God:    Uskayaw [****..]
Gold:   0          SH:  0    Dex: 20    Spells: 9/12 levels left

rFire   . . .      SeeInvis .      - Unarmed
rCold   . . .      Faith    .    (no shield)
rNeg    . . .      Spirit   .    (body armour currently unavailable)
rPois   +          Reflect  .    (helmet currently unavailable)
rElec   .          Harm     .    (cloak currently unavailable)
rCorr   .          Rampage  .    (gloves currently unavailable)
Will    .....      NoTele   +    (boots unavailable)
Stlth   ++                       (no amulet)
HPRegen 0.35/turn                m - +3 ring of dexterity
MPRegen 0.13/turn                l - +2 ring of evasion

@: tree-form
A: stationary, stasis, torment immunity, boosted hp, (beak), (talons 3), nimble
flight
a: Renounce Religion, Stomp, Line Pass


You were in the Dungeon.
You worshipped Uskayaw.
Uskayaw was noncommittal.
You were a tree.
You visited 1 branch

Inventory:

Armour
 a - a +0 robe
 k - a +0 pair of gloves (melded)
 n - a +1 chain mail of willpower (melded)
Jewellery
 l - a +2 ring of evasion (right branch)
 m - a +3 ring of dexterity (left branch)
Wands
 j - a wand of iceblast (10)
Scrolls
 h - 2 scrolls of blinking
 i - 2 scrolls of amnesia
Potions
 c - 2 potions of curing
 f - 4 potions of magic


   Skills:
 + Level 8.6 Fighting
 + Level 9.3 Armour
 + Level 9.6 Dodging
 + Level 14.5 Unarmed Combat
 - Level 2.0 Spellcasting
 - Level 1.5 Transmutations
 + Level 4.3 Invocations


You had 9 spell levels left.
You knew the following spells:

 Your Spells              Type           Power      Damage    Failure   Level
a - Beastly Appendage     Tmut           10%        N/A       13%         1
b - Wereblood             Tmut           5%         N/A       19%         2

Your spell library contained the following spells:

 Spells                   Type           Power      Damage    Failure   Level
 Spider Form              Tmut/Pois      3%         N/A       45%         3
 Ice Form                 Ice/Tmut       3%         N/A       86%         4


Dungeon Overview and Level Annotations

Branches:
Dungeon (1/1)

Altars:
Cheibriados
Dithmenos
Elyvilon
Fedhas
Gozag
Hepliaklqana
Kikubaaqudgha
Makhleb
Nemelex Xobeh
Okawaru
Qazlal
Ru
Sif Muna
Trog
Uskayaw
Vehumet
Wu Jian
Xom
Yredelemnul
Zin
The Shining One
Jiyva
Lugonu


Innate Abilities, Weirdness & Mutations

You are a tree.
Your roots penetrate the ground, keeping you stationary.
You cannot be teleported.
You are immune to unholy pain and torment.
Your maximum health is greatly increased.
Your equipment is partially melded.
((You have a beak for a mouth.))
((You have claws for feet.))
Your magical nature lets you fly swiftly and evasively.


Message History

You hit the manticore but do no damage.
You claw the manticore, but do no damage.
You peck the manticore, but do no damage.
The manticore is no longer paralysed.
The centaur warrior is no longer paralysed.
The cyclops is no longer paralysed.
The deep elf pyromancer is no longer paralysed.
The two-headed ogre is no longer paralysed.
The manticore is no longer paralysed.
The manticore bites you!
* * * LOW HITPOINT WARNING * * *
The manticore claws you.
* * * LOW HITPOINT WARNING * * *
The manticore claws you.
* * * LOW HITPOINT WARNING * * *
You punch the manticore!
You kill the manticore!
Your Armour skill increases to level 9!
Your Invocations skill increases to level 4!
You have reached level 9!
Your experience leads to an increase in your attributes!
Your base attributes are Str 10, Int 14, Dex 17.
Increase (S)trength, (I)ntelligence, or (D)exterity?
You feel stronger. x2
You feel better. The two-headed ogre barely misses you.
The two-headed ogre hits you with a +0 giant club!
* * * LOW HITPOINT WARNING * * *
Really quaff the potion of lignification?
You turn into a tree.
Your +0 pair of gloves melds into your body.
Your +1 chain mail of willpower melds into your body.
You feel less strong-willed.
Your roots penetrate the ground.
The deep elf pyromancer mumbles some strange words.
You pummel the two-headed ogre!!
The two-headed ogre hits you but does no damage. x2
Uskayaw will force your foes to share their pain.
Uskayaw links your audience in an emotional bond!
You hit the two-headed ogre. You punch the two-headed ogre.
You smack the two-headed ogre!
The two-headed ogre hits you with a +0 dire flail!!
You die... ▓▓▓▓▓▓▓▓▓▓▓▓▓▓▓▓▓▓▓▓▓▓▓▓ ..HcCeO♣....))....[.)..' ▓▓▓▓▓▓▓▓▓▓▓▓▓▓▓▓▓▓▓▓▓▓▓▓

You could see a centaur warrior (pain bonded), a two-headed ogre (pain bonded), a manticore (pain bonded), a cyclops (pain bonded) and a deep elf pyromancer (pain bonded).

Vanquished Creatures
  2 two-headed ogres (D)
  A manticore (D)
  A yak (D)
  A vampire mosquito (D)
  An acid dragon (D)
  A kobold brigand (D)
  A scorpion (D)
  2 hounds (D)
  A gnoll (D)
  An adder (D)
  An orc (D)
  A ball python (D)
  A bat (D)
  A giant cockroach (D)
  A quokka (D)
17 creatures vanquished.

Notes
Turn   | Place    | Note
-------+----------+-------------------------------------------
     0 | D        | theswoord the Tengu Transmuter began the quest for the Orb.
     0 | D        | Reached XP level 1. HP: 12/12 MP: 4/4
     8 | D        | Reached skill level 5 in Unarmed Combat
     8 | D        | Reached XP level 2. HP: 16/16 MP: 6/6
    14 | D        | Reached skill level 6 in Unarmed Combat
    25 | D        | Noticed a scorpion
    30 | D        | Reached skill level 8 in Unarmed Combat
    30 | D        | Reached XP level 3. HP: 18/20 MP: 7/7
    44 | D        | Reached skill level 9 in Unarmed Combat
    44 | D        | Reached XP level 4. HP: 24/25 MP: 8/8
    47 | D        | Killed a scorpion
    48 | D        | Reached skill level 11 in Unarmed Combat
    48 | D        | Gained mutation: Your magical nature lets you fly swiftly
                  | and evasively. [Tengu growth]
    48 | D        | Reached XP level 5. HP: 22/29 MP: 9/9
    92 | D        | Found a snail-covered altar of Cheibriados.
    92 | D        | Found a shadowy altar of Dithmenos.
    92 | D        | Found a white marble altar of Elyvilon.
    92 | D        | Found a blossoming altar of Fedhas.
    92 | D        | Found an opulent altar of Gozag.
    93 | D        | Found a hazy altar of Hepliaklqana.
    94 | D        | Found a viscous altar of Jiyva.
    95 | D        | Found an ancient bone altar of Kikubaaqudgha.
    96 | D        | Found a corrupted altar of Lugonu.
    97 | D        | Found a burning altar of Makhleb.
    98 | D        | Found a sparkling altar of Nemelex Xobeh.
    99 | D        | Found an iron altar of Okawaru.
   100 | D        | Found a stormy altar of Qazlal.
   101 | D        | Found a sacrificial altar of Ru.
   102 | D        | Found a shimmering blue altar of Sif Muna.
   103 | D        | Found a bloodstained altar of Trog.
   104 | D        | Found a hide-covered altar of Uskayaw.
   105 | D        | Found a radiant altar of Vehumet.
   106 | D        | Found an ornate altar of the Wu Jian Council.
   107 | D        | Found a shimmering altar of Xom.
   108 | D        | Found a basalt altar of Yredelemnul.
   109 | D        | Found a glowing silver altar of Zin.
   110 | D        | Found a glowing golden altar of the Shining One.
   114 | D        | Became a worshipper of Uskayaw the Reveller
   118 | D        | Learned a level 2 spell: Wereblood
   167 | D        | Noticed a yak
   167 | D        | Noticed a two-headed ogre
   167 | D        | Noticed a vampire mosquito
   167 | D        | Noticed a kobold brigand
   167 | D        | Noticed an acid dragon
   167 | D        | Noticed a two-headed ogre
   168 | D        | Reached * piety under Uskayaw
   173 | D        | Reached ** piety under Uskayaw
   176 | D        | Killed a two-headed ogre
   177 | D        | Reached skill level 5 in Fighting
   177 | D        | Reached skill level 12 in Unarmed Combat
   177 | D        | Reached XP level 6. HP: 20/41 MP: 10/10
   177 | D        | Reached XP level 7. HP: 22/45 MP: 11/11
   179 | D        | Reached *** piety under Uskayaw
   181 | D        | Reached skill level 13 in Unarmed Combat
   182 | D        | Reached **** piety under Uskayaw
   184 | D        | Reached ***** piety under Uskayaw
   188 | D        | Killed a vampire mosquito
   189 | D        | Reached XP level 8. HP: 18/52 MP: 12/12
   191 | D        | Reached ****** piety under Uskayaw
   198 | D        | Killed a yak
   199 | D        | Reached skill level 1 in Invocations
   201 | D        | Killed a two-headed ogre
   202 | D        | Reached skill level 14 in Unarmed Combat
   361 | D        | Noticed a manticore
   361 | D        | Noticed a centaur warrior
   361 | D        | Noticed a cyclops
   361 | D        | Noticed a deep elf pyromancer
   361 | D        | Noticed a two-headed ogre
   361 | D        | Noticed a manticore
   368 | D        | Killed a manticore
   369 | D        | Reached XP level 9. HP: 15/60 MP: 13/13
   373 | D        | Mangled by a two-headed ogre

Skill      XL: |  1  2  3  4  5  6  7  8 |
---------------+-------------------------+-----
Unarmed Combat | 5 8 9 11 12 13 14 | 14.5
Fighting       | 5 6 8 |  8.6
Armour         | 6 7 9 |  9.3
Dodging        | 6 7 9 |  9.6
Invocations    | 4 |  4.3
Spellcasting   | |  2.0
Transmutations | |  1.5

Action                     |  1- 3 |  4- 6 |  7- 9 || total
---------------------------+-------+-------+-------++-------
  Melee: Unarmed           |    28 |     9 |    29 ||    66
         Kick              |     5 |     6 |     9 ||    20
         Peck              |     4 |     3 |    10 ||    17
         Punch             |     1 |     1 |     3 ||     5
 Invoke: Line Pass         |       |       |     1 ||     1
    Use: Potion            |     2 |     3 |     5 ||    10
   Stab: Invisible         |       |     1 |     5 ||     6
         Paralysed         |       |       |     4 ||     4
 Armour: Robe              |     6 |     1 |       ||     7
         Chain mail        |       |     1 |     3 ||     4
         Skin              |       |       |     2 ||     2
  Dodge: Dodged            |    10 |     2 |    11 ||    23

Levels and vault maps discovered:
D:        linesprint [early_d, line_temple, items_1, d_10, items_2, lair_1,
          lair_end, items_3, orc_1, orc_end, items_4, d_15, swamp_1, shoals_1,
          snake_1, spider_1, d_20, vaults_1, items_5, swamp_end, shoals_end,
          snake_end, spider_end, vaults_end, d_27, items_6, zot_1, zot_end,
          crypt_end, forest_end, elf_end, slime_end, tomb_end, abyss_end,
          pan_hell_end]
